[Event "*** SCC Grand Prix: Titled Tuesday Blitz"]
[Site "Chess.com"]
[Date "2020.10.06"]
[Round "9"]
[White "mirceaparligras"]
[Black "IANOV0007"]
[Result "0-1"]
[WhiteElo "2620"]
[BlackElo "2442"]
[TimeControl "180+1"]
[EndTime "11:48:59 PDT"]
[Termination "IANOV0007 won on time"]

1. d4 d6 2. e4 Nf6 3. Bd3 e5 4. c3 Nc6 5. Nf3 Bg4 6. d5 Nb8 7. c4 Nbd7 8. h3 Bh5 9. g4 Bg6 10. Nc3 Be7 11. Be3 a5 12. Nd2 Nc5 13. Bc2 Nfd7 14. Qe2 Bg5 15. Bxg5 Qxg5 16. h4 Qd8 17. h5 Qg5 18. hxg6 fxg6 19. O-O-O O-O 20. Kb1 Rf7 21. f3 a4 22. a3 Nb6 23. Rh3 Raf8 24. Rdh1 h6 25. Ka2 Rf4 26. Nb5 Qe7 27. Qe3 g5 28. Bd1 c6 29. Nc3 cxd5 30. Nxd5 Nxd5 31.
cxd5 b5 32. Qc3 Qb7 33. Be2 Rb8 34.
Qb4 Rf7 35. Rc1 Rc7 36. Rhh1 Qb6 37. Nb1 Na6 38. Qd2 Nc5 39. Qe3 Qa5 40. Rc3 b4 41.
axb4 Qxb4 42. Qd2 Rcb7 43. Ka1 Qa5 44. Rxc5 Qxc5 45. Rc1 Qf2 46. Rc2 Qg1 47. Ka2 Rb3 48. Na3 Qf2 49. Qc1 Kh7 50. Nb1 Qb6 51. Bc4 Rb4 52. Na3 Qe3 53. Be2 Qb3+ 54. Ka1 R4b6 55. Nc4 Ra6 56. Rc3 Qb4 57. Na3 Rab6 58. Rc2 Qa5 59.
Nc4 Qb4 60. Nxb6 Rxb6 61. Rc3 Qd4 62. Qc2 Qg1+ 63. Ka2 Qf2 64. Ra3 Qe1 65. Rxa4 Rb8 66. Ra3 Rb4 67. Bc4 Qg3 68. Bd3 Qxf3 69. Qc8 Qf4 70.
Qf5+ Qxf5 71. exf5 Kg8 72. Ra8+ Kf7 73. Ra7+ Kf6 74.
Rd7 e4 75. Rxd6+ Ke5 76. Re6+ Kxd5 77. Bc2 Rd4 78. Bb3+ Kc5 79. Re7 e3 80. Rxe3 Rxg4 81. Re7 Rf4 82. Be6 g4 83. Rxg7 h5 84. Rg5 h4 85.
f6+ Kd6 86. Bf5 g3 87. f7 Ke7 88. Bg6 Rf3 89. Bh5 Rf4 90. b3 Rf2+ 91. Ka3 g2 92. Rg8 h3 93. Re8+ Kd6 94. f8=Q+ Rxf8 95. Rxf8 g1=Q 96. Bf3 Qa1+ 97. Kb4 Qd4+ 98. Ka3 Qc5+ 99.
Kb2 Qf2+ 100. Ka3 h2 0-1

[Event "*** SCC Grand Prix: Titled Tuesday Blitz"]
[Site "Chess.com"]
[Date "2020.10.06"]
[Round "9"]
[White "ChessSkool"]
[Black "Anton_Demchenko"]
[Result "1-0"]
[WhiteElo "2741"]
[BlackElo "2820"]
[TimeControl "180+1"]
[EndTime "11:50:24 PDT"]
[Termination "ChessSkool won by resignation"]

1. c4 Nf6 2. Nf3 g6 3. g3 Bg7 4. Bg2 O-O 5. O-O d6 6. Nc3 Nbd7 7. d3 e5 8. Rb1 Re8 9. Nd2 a5 10. a3 c6 11. b4 axb4 12. axb4 Nf8 13. b5 Bd7 14.
Qb3 Ne6 15. e3 Nc5 16. Qc2 h5 17. h3 Qc8 18. Kh2 Bf5 19. e4 Bd7 20. Nb3 Ne6 21.
Be3 h4 22. Ra1 Rxa1 23. Rxa1 Nh5 24. Na4 Qd8 25. bxc6 bxc6 26. Nb6 hxg3+ 27. fxg3 Nd4 28. Bxd4 exd4 29. Nxd7 Qxd7 30. Nc1 Be5 31. Ne2 Qe7 32. Qd2 Rb8 33. Ra2 Nf6 34. Qh6 Qb7 35. Nf4 Nh7 36.
Ne2 Qe7 37. Bf3 Ng5 38. Kg2 Ne6 39. Qh4 Qxh4 40. gxh4 Nc5 41. Rd2 Rb3 42. Nc1 Rc3 43.
Rd1 Rc2+ 44. Ne2 Ne6 45. Kf1 Kg7 46. Bg4 Nc5 47. h5 Ra2 48. hxg6 fxg6 49. Kf2 Kh6 50. Bf3 Ra3 51. Nc1 Rc3 52. Be2 Bf4 53. Na2 Rb3 54. Ra1 Rb2 55. Kf3 Be5 56. Nc1 Rc2 57.
Rb1 Kg5 58. Nb3 Na4 59. Na5 Nc3 60. Rg1+ Kf6 61. Rg2 c5 62. Nc6 Ra2 63. Nb8 Rb2 64. Nd7+ Kg7 65. Nxe5 dxe5 66. h4 Kf6 67. Bf1 Rxg2 68.
Bxg2 Na2 69. Ke2 Nb4 70. Bf1 Kg7 71. Kf3 Kh6 72. Kg4 Na2 73. Be2 Nc3 74. Bf3 Na4 75.
Be2 Nb6 76. Kg3 Nd7 77. Kg4 Nf6+ 78. Kg3 Kg7 79. Bf3 Ne8 80. Bg4 Kf6 81. Bf3 Nd6 82. Bg4 Nb7 83. Bd1 Na5 84. Kg4 Nc6 85. Bc2 Nb4 86. Bb1 Kf7 87. Kg5 Kg7 88. h5 gxh5 89. Kxh5 Kf6 90. Kh6 Nc6 91. Bc2 Na5 92. Kh5 Nb7 93. Bb1 Nd6 94. Bc2 Nf7 95. Bd1 Ng5 96. Bg4 Nh7 97. Kh6 Ng5 98. Kh5 Nf7 99. Be2 Nd6 100.
Bg4 Nb7 101. Bf3 Na5 102. Bd1 Nc6 103. Bc2 Nb4 104. Bb1 Na6 105. Bc2 Nc7 106. Bd1 Ne6 107. Bc2 Nf4+ 108. Kh6 Ng2 109. Kh5 Ne3 110. Bb1 Nf1 111. Kh6 Nd2 112. Bc2 Nf3 113. Bd1 Ne1 114. Be2 Ng2 115. Bf1 Nf4 116. Kh7 Kg5 117. Kg7 Nh5+ 118. Kf7 Kf4 119. Ke6 Ng3 120. Bh3 Ne2 121. Kd5 Nc1 122. Bf1 Ke3 123. Kxe5 Nxd3+ 124.
Kd5 Nf4+ 125. Kxc5 Kf2 126. Kxd4 Kxf1 127. Ke5 Nd3+ 128. Kd6 Ke2 129. e5 Nf4 130. c5 Kd3 131. c6 Kd4 132. c7 Ng6 133. c8=Q Nxe5 134. Qc5+ 1-0

[Event "*** SCC Grand Prix: Titled Tuesday Blitz"]
[Site "Chess.com"]
[Date "2020.10.06"]
[Round "10"]
[White "sopo-tereladze"]
[Black "kinga2008"]
[Result "1-0"]
[WhiteElo "2307"]
[BlackElo "2158"]
[TimeControl "180+1"]
[EndTime "11:52:05 PDT"]
[Termination "sopo-tereladze won by resignation"]

1. e4 g6 2. d4 Bg7 3. Nc3 d6 4. Be3 e5 5. Nf3 Bg4 6. Be2 Nc6 7. d5 Nd4 8. Nxd4 exd4 9. Bxd4 Bxe2 10. Nxe2 Bf8 11. Bxh8 1-0

[Event "*** SCC Grand Prix: Titled Tuesday Blitz"]
[Site "Chess.com"]
[Date "2020.10.06"]
[Round "10"]
[White "arminmusovic"]
[Black "emiliocordova"]
[Result "0-1"]
[WhiteElo "2561"]
[BlackElo "2799"]
[TimeControl "180+1"]
[EndTime "11:52:08 PDT"]
[Termination "emiliocordova won by resignation"]

1. a3 a6 2. Nc3 b5 3. e4 Bb7 4. d4 e6 5. h4 Nf6 6. e5 Ne4 7. h5 h6 8. Nf3 c5 9. Nxe4 Bxe4 10. Bd3 Bb7 11. c3 cxd4 12. cxd4 d6 13. exd6 Bxd6 14. O-O Qf6 15. Be2 Nd7 16. Be3 O-O 17. Nd2 Qh4 18. Nf3 Bxf3 0-1

[Event "*** SCC Grand Prix: Titled Tuesday Blitz"]
[Site "Chess.com"]
[Date "2020.10.06"]
[Round "10"]
[White "KatarinaOstojic"]
[Black "HanSchut"]
[Result "1/2-1/2"]
[WhiteElo "2336"]
[BlackElo "2249"]
[TimeControl "180+1"]
[EndTime "11:52:17 PDT"]
[Termination "Game drawn by agreement"]

1. d4 Nf6 2. Nf3 g6 3. Bg5 Bg7 4. Nbd2 d5 5. c3 O-O 6. Bxf6 Bxf6 7. e4 dxe4 8. Nxe4 Bg7 9. Be2 b6 10. O-O Bb7 11. Ng3 Nd7 12. Qc2 e5 13. dxe5 Nxe5 14.
Rad1 Nxf3+ 15. Bxf3 Qc8 1/2-1/2

[Event "*** SCC Grand Prix: Titled Tuesday Blitz"]
[Site "Chess.com"]
[Date "2020.10.06"]
[Round "10"]
[White "gagtemp"]
[Black "PIwan"]
[Result "0-1"]
[WhiteElo "1965"]
[BlackElo "2524"]
[TimeControl "180+1"]
[EndTime "11:52:32 PDT"]
[Termination "PIwan won by resignation"]

1. e4 c6 2. d4 d5 3. exd5 cxd5 4. c4 Nf6 5. Nc3 g6 6. cxd5 Bg7 7. Nf3 O-O 8. Bc4 Nbd7 9. O-O Nb6 10. Bb3 Nbxd5 11. Ne5 Bf5 12. Bg5 Nxc3 13. bxc3 Ne4 14. Bd2 Nxd2 15.
Qxd2 Bxe5 0-1

[Event "*** SCC Grand Prix: Titled Tuesday Blitz"]
[Site "Chess.com"]
[Date "2020.10.06"]
[Round "10"]
[White "blitzking1729"]
[Black "W_Amadeus"]
[Result "1/2-1/2"]
[WhiteElo "2561"]
[BlackElo "2697"]
[TimeControl "180+1"]
[EndTime "11:52:45 PDT"]
[Termination "Game drawn by agreement"]

1. d4 Nf6 2. Bg5 d5 3. Nd2 Nbd7 4. Ngf3 c5 5. e3 e6 6. c3 Be7 7. Bd3 O-O 8. O-O b6 9. Qe2 Bb7 10. Rfe1 h6 11. Bh4 Re8 12. e4 Nxe4 13. Bxe7 Qxe7 14.
Nxe4 dxe4 15. Bxe4 Bxe4 16. Qxe4 Nf6 17. Qe2 Rad8 1/2-1/2

[Event "*** SCC Grand Prix: Titled Tuesday Blitz"]
[Site "Chess.com"]
[Date "2020.10.06"]
[Round "10"]
[White "As0nchess"]
[Black "ajdemipopushi"]
[Result "0-1"]
[WhiteElo "2482"]
[BlackElo "2370"]
[TimeControl "180+1"]
[EndTime "11:52:53 PDT"]
[Termination "ajdemipopushi won by resignation"]

1. c4 c5 2. Nc3 g6 3. g3 Bg7 4. Bg2 Nc6 5. d3 e6 6. h4 h5 7. Bf4 d6 8. Nf3 Nge7 9. Qd2 Rb8 10. Rb1 Nf5 11. Qc1 O-O 12. Bg5 Qd7 13. a3 b6 14. O-O Bb7 15. b4 Ncd4 16. Nxd4 Nxd4 17. Bxb7 Qxb7 18. Bh6 f5 19. Bxg7 Kxg7 20. Qf4 e5 21. Qg5 f4 22. Rb2 Rf5 0-1

[Event "*** SCC Grand Prix: Titled Tuesday Blitz"]
[Site "Chess.com"]
[Date "2020.10.06"]
[Round "10"]
[White "kot60"]
[Black "jacky72"]
[Result "1-0"]
[WhiteElo "2440"]
[BlackElo "2543"]
[TimeControl "180+1"]
[EndTime "11:53:08 PDT"]
[Termination "kot60 won by checkmate"]

1. e4 e5 2. Nc3 Nc6 3. f4 Bc5 4. fxe5 Bxg1 5. Rxg1 Qh4+ 6. g3 Qxh2 7. Rg2 Qh1 8. Nd5 Kd8 9. d4 Nge7 10. Bg5 h6 11. Bxe7+ Nxe7 12. Qf3 Nxd5 13. exd5 d6 14. Qxf7 Bh3 15. e6 Kc8 16. e7 b6 17. e8=Q+ Rxe8+ 18. Qxe8+ Kb7 19. Qc6+ Kb8 20. O-O-O Bxg2 21. Ba6 Bxd5 22.
Qe8# 1-0

[Event "*** SCC Grand Prix: Titled Tuesday Blitz"]
[Site "Chess.com"]
[Date "2020.10.06"]
[Round "10"]
[White "shriyanasmallya"]
[Black "Khnykin_Nikolay"]
[Result "1/2-1/2"]
[WhiteElo "1628"]
[BlackElo "2042"]
[TimeControl "180+1"]
[EndTime "11:53:20 PDT"]
[Termination "Game drawn by agreement"]

1. e4 e6 2. d4 d5 3. Nd2 c5 4. exd5 exd5 5. dxc5 Bxc5 6. Ngf3 Nf6 7. Bb5+ Nc6 8. Bxc6+ bxc6 9. O-O O-O 10. Nb3 Bb6 11. Bg5 h6 12. Bh4 Qd6 13. Bg3 Qd7 14. Ne5 Qb7 15. Bh4 Ne4 16. Qf3 1/2-1/2

[Event "*** SCC Grand Prix: Titled Tuesday Blitz"]
[Site "Chess.com"]
[Date "2020.10.06"]
[Round "10"]
[White "ljuks68"]
[Black "vrekhson"]
[Result "1-0"]
[WhiteElo "2339"]
[BlackElo "2214"]
[TimeControl "180+1"]
[EndTime "11:53:32 PDT"]
[Termination "ljuks68 won by resignation"]

1. e4 c5 2. Nf3 a6 3. c4 Nc6 4. d4 cxd4 5. Nxd4 Nf6 6. Nc3 e5 7. Nf5 d5 8. cxd5 Bxf5 9. exf5 Nd4 10. Bc4 b5 11. Bb3 Bb4 12. O-O Nxb3 13. Qxb3 Bxc3 14. Qxc3 Qxd5 15. Be3 O-O 16. Rfd1 Qe4 17. Qd3 Rfd8 18. Qxd8+ 1-0

[Event "*** SCC Grand Prix: Titled Tuesday Blitz"]
[Site "Chess.com"]
[Date "2020.10.06"]
[Round "10"]
[White "Shankovskyi"]
[Black "Sueetin"]
[Result "1-0"]
[WhiteElo "2462"]
[BlackElo "2310"]
[TimeControl "180+1"]
[EndTime "11:53:38 PDT"]
[Termination "Shankovskyi won by resignation"]

1. e4 e6 2. d4 d5 3. Nc3 Nf6 4. Bg5 dxe4 5. Nxe4 Be7 6. Bxf6 gxf6 7. Nf3 f5 8. Ng3 c5 9. Nh5 Nc6 10. Bb5 Qa5+ 11. Qd2 Qxb5 12. Ng7+ Kf8 13. Qh6 Kg8 14. Nh5 1-0

[Event "*** SCC Grand Prix: Titled Tuesday Blitz"]
[Site "Chess.com"]
[Date "2020.10.06"]
[Round "10"]
[White "Borsuk_Konstantin"]
[Black "TokChess"]
[Result "1-0"]
[WhiteElo "2563"]
[BlackElo "2408"]
[TimeControl "180+1"]
[EndTime "11:53:51 PDT"]
[Termination "Borsuk_Konstantin won by resignation"]

1. d4 d5 2. c4 c6 3. Nc3 Nf6 4. e3 a6 5. c5 g6 6. Bd3 Bg7 7.
Na4 Nbd7 8. f4 O-O 9. Qc2 Ne8 10. Nf3 Nc7 11. Bd2 f6 12. f5 Qe8 13. fxg6 hxg6 14.
Bxg6 Qd8 15. O-O-O e5 16. Qf5 Bh6 17. Qh5 Kg7 18. Nh4 1-0

[Event "*** SCC Grand Prix: Titled Tuesday Blitz"]
[Site "Chess.com"]
[Date "2020.10.06"]
[Round "10"]
[White "zubridis"]
[Black "Fy_Rakotomaharo"]
[Result "0-1"]
[WhiteElo "2470"]
[BlackElo "2627"]
[TimeControl "180+1"]
[EndTime "11:53:53 PDT"]
[Termination "Fy_Rakotomaharo won by resignation"]

1. e4 e5 2. Nf3 Nc6 3. Bb5 a6 4. Bxc6 dxc6 5. Nc3 Bg4 6. h3 Bxf3 7. Qxf3 Nf6 8. d3 Nd7 9. Qg3 Qf6 10. f4 exf4 11.
Bxf4 Bd6 12. O-O Bxf4 13. Rxf4 Qd4+ 14. Kh2 O-O 15. Raf1 Ne5 16. Rf5 Rae8 17. R5f4 Re7 18.
Rf5 Rd8 19. h4 Qd6 20. h5 Ng4+ 21. Kh3 Qxg3+ 22. Kxg3 Ne3 23. R5f3 Nxf1+ 0-1

[Event "*** SCC Grand Prix: Titled Tuesday Blitz"]
[Site "Chess.com"]
[Date "2020.10.06"]
[Round "10"]
[White "Oglob71"]
[Black "kakakz"]
[Result "1-0"]
[WhiteElo "2509"]
[BlackElo "2390"]
[TimeControl "180+1"]
[EndTime "11:53:55 PDT"]
[Termination "Oglob71 won by resignation"]

1. d4 Nf6 2. Nf3 g6 3. e3 Bg7 4.
Be2 c5 5. O-O b6 6. d5 O-O 7. c4 e6 8. Nc3 exd5 9. cxd5 d6 10. e4 Bg4 11. Nd2 Bxe2 12. Qxe2 Re8 13. Qd3 Nbd7 14.
Nc4 Ne5 15. Nxe5 Rxe5 16. Bf4 Re7 17. Rfe1 a6 18. a4 Qd7 19. Rad1 Nh5 20. Bg5 Ree8 21. h3 Be5 22. Qf3 b5 23. g4 a5 24. gxh5 1-0

[Event "*** SCC Grand Prix: Titled Tuesday Blitz"]
[Site "Chess.com"]
[Date "2020.10.06"]
[Round "10"]
[White "Region_07"]
[Black "TrickyFortem"]
[Result "1-0"]
[WhiteElo "2385"]
[BlackElo "2466"]
[TimeControl "180+1"]
[EndTime "11:53:56 PDT"]
[Termination "Region_07 won by resignation"]

1. d4 f5 2. Nc3 Nf6 3. e4 fxe4 4. f3 e3 5. Bxe3 e6 6. Bd3 b6 7. Nge2 Bb7 8. Qd2 Nc6 9. a3 Be7 10. O-O-O a6 11. g4 b5 12. g5 Nd5 13. Nxd5 exd5 14. Nf4 b4 15. a4 Na5 16. b3 c6 17. Nh5 g6 18. Nf6+ Bxf6 19. gxf6 Qxf6 20. Bg5 Qd6 21. Rde1+ Kf7 22. Re7+ Kf8 23. Rhe1 h5 24. Bh6+ Kg8 1-0

[Event "*** SCC Grand Prix: Titled Tuesday Blitz"]
[Site "Chess.com"]
[Date "2020.10.06"]
[Round "10"]
[White "RaunakSadhwani2005"]
[Black "AlexOstrovskiy"]
[Result "0-1"]
[WhiteElo "2891"]
[BlackElo "2764"]
[TimeControl "180+1"]
[EndTime "11:54:18 PDT"]
[Termination "AlexOstrovskiy won by resignation"]

1. c4 b6 2. Nc3 Bb7 3. Nf3 e6 4.
d4 Bb4 5. Bd2 f5 6. g3 Nf6 7. Bg2 O-O 8. O-O Bxc3 9. Bxc3 Ne4 10.
Be1 d6 11. Qc2 Nd7 12. Rd1 Ndf6 13. b4 Qe8 14. e3 b5 15. cxb5 Qxb5 16. Ng5 Nxg5 17.
a4 Qb6 18. a5 Qb5 19. f3 Rac8 20. Rf2 Qd7 21. b5 Qxb5 22. Rb1 Qc6 23. Qd1 Ba6 24. h4 Nf7 25. Rc1 Qd7 26. g4 fxg4 27. fxg4 d5 28. Bb4 Nd6 29. Rf4 Nfe4 0-1

[Event "*** SCC Grand Prix: Titled Tuesday Blitz"]
[Site "Chess.com"]
[Date "2020.10.06"]
[Round "10"]
[White "FMalexhdez"]
[Black "DonBroca"]
[Result "1-0"]
[WhiteElo "2254"]
[BlackElo "2162"]
[TimeControl "180+1"]
[EndTime "11:54:18 PDT"]
[Termination "FMalexhdez won by resignation"]

1. e4 c5 2. Nf3 d6 3. d4 cxd4 4. Nxd4 Nf6 5. Nc3 g6 6. Be2 Bg7 7. O-O O-O 8. Nb3 Nc6 9. Re1 Bd7 10. Bf1 Rc8 11. Nd5 a6 12. Bg5 Be6 13. Nxf6+ exf6 14. Be3 f5 15. exf5 Bxf5 16. c3 Qd7 17. Nd4 Nxd4 18. Bxd4 Bxd4 19. Qxd4 Rfe8 20. Rxe8+ Rxe8 21. Rd1 Rd8 22.
g3 Qe6 23. Bg2 Rd7 24. h4 f6 25. Bd5 1-0

[Event "*** SCC Grand Prix: Titled Tuesday Blitz"]
[Site "Chess.com"]
[Date "2020.10.06"]
[Round "10"]
[White "Iskusnyh"]
[Black "googlegoom"]
[Result "1-0"]
[WhiteElo "2569"]
[BlackElo "2426"]
[TimeControl "180+1"]
[EndTime "11:54:25 PDT"]
[Termination "Iskusnyh won by resignation"]

1. d4 d5 2. c4 c6 3. Nf3 Nf6 4. e3 e6 5. b3 Bd6 6. Bd3 Nbd7 7. Bb2 Qc7 8. O-O e5 9. c5 Be7 10. Nxe5 Nxe5 11. dxe5 Nd7 12. e6 fxe6 13. Bxg7 Bf6 14.
Qh5+ Kd8 15. Bxh8 Bxh8 16. Qg5+ Bf6 17. Qg8+ Ke7 18. Qxh7+ Kf8 19. Bg6 Bg7 20. Nd2 Nxc5 21. Nf3 e5 22. Ng5 e4 23. f3 1-0

[Event "*** SCC Grand Prix: Titled Tuesday Blitz"]
[Site "Chess.com"]
[Date "2020.10.06"]
[Round "10"]
[White "MarceloPlaya"]
[Black "Ladislav1969"]
[Result "1-0"]
[WhiteElo "2269"]
[BlackElo "2338"]
[TimeControl "180+1"]
[EndTime "11:54:27 PDT"]
[Termination "MarceloPlaya won by resignation"]

1. e4 c5 2. Nf3 e6 3. d4 cxd4 4. Nxd4 a6 5. Nc3 b5 6. Be3 Bb7 7. f3 Nc6 8. Qd2 Nf6 9. O-O-O Qa5 10. Kb1 Bb4 11. Nde2 d5 12. Bg5 dxe4 13. Bxf6 gxf6 14. Qd7+ Kf8 15. Qxb7 Kg7 16. Qxc6 Rac8 17. Qxe4 Bxc3 18.
Nxc3 Rxc3 19. bxc3 Qxc3 20. Qd4 Qa3 21. Bd3 Rc8 22. Qb2 1-0

[Event "*** SCC Grand Prix: Titled Tuesday Blitz"]
[Site "Chess.com"]
[Date "2020.10.06"]
[Round "10"]
[White "nochewycandy"]
[Black "dosto07"]
[Result "1-0"]
[WhiteElo "2475"]
[BlackElo "2338"]
[TimeControl "180+1"]
[EndTime "11:54:29 PDT"]
[Termination "nochewycandy won by checkmate"]

1. e4 e5 2. Nc3 Nf6 3. f4 d5 4.
fxe5 Nxe4 5. Qf3 f5 6. d3 Nxc3 7. bxc3 d4 8. Qf4 Nc6 9. Nf3 dxc3 10. Qc4 Qe7 11. d4 Bd7 12. Bg5 Qf7 13. d5 Nb4 14.
e6 Bxe6 15. dxe6 Qg6 16. O-O-O Bd6 17. Rxd6 cxd6 18. Qxb4 O-O 19. Bc4 Kh8 20. Qxc3 h6 21. Bf4 Qxg2 22. Rg1 Qf2 23. Qxg7# 1-0

[Event "*** SCC Grand Prix: Titled Tuesday Blitz"]
[Site "Chess.com"]
[Date "2020.10.06"]
[Round "10"]
[White "Alexander_Donchenko"]
[Black "Mikhail_Golubev"]
[Result "1-0"]
[WhiteElo "2768"]
[BlackElo "2535"]
[TimeControl "180+1"]
[EndTime "11:54:48 PDT"]
[Termination "Alexander_Donchenko won by resignation"]

1. Nf3 d6 2. d4 Nf6 3. g3 g6 4.
Bg2 Bg7 5. O-O O-O 6. b3 c5 7. c4 Nc6 8. Bb2 cxd4 9. Nxd4 Bd7 10. Nc2 a6 11. Nc3 Rc8 12. Qd2 Re8 13. Rfd1 h5 14. h3 Be6 15. Rac1 Qd7 16. Nd5 Nxd5 17. Bxg7 Nf4 18.
Ba1 Bxh3 19. Qxf4 Bxg2 20. Kxg2 f6 21. Ne3 Kf7 22. Nd5 g5 23. Qe4 Rh8 24. Nb6 Qh3+ 25.
Kxh3 1-0

[Event "*** SCC Grand Prix: Titled Tuesday Blitz"]
[Site "Chess.com"]
[Date "2020.10.06"]
[Round "10"]
[White "Igor_Bitensky"]
[Black "catzapto"]
[Result "1-0"]
[WhiteElo "2315"]
[BlackElo "2154"]
[TimeControl "180+1"]
[EndTime "11:54:54 PDT"]
[Termination "Igor_Bitensky won by checkmate"]

1. e4 c5 2. Na3 e6 3. c3 d5 4. e5 d4 5. Nf3 Nc6 6. Bb5 Bd7 7. O-O a6 8. Bxc6 Bxc6 9. cxd4 cxd4 10. d3 Bxa3 11.
bxa3 Ne7 12. Re1 h6 13. Bd2 g5 14. Bb4 Qd5 15. Re4 Qd7 16. Rxd4 Bxf3 17. Rxd7 Bxd1 18. Rxe7+ Kd8 19. Rxd1 a5 20. Bd6 Rc8 21. Rb1 Rf8 22.
g4 f6 23. Rbxb7 Rc1+ 24. Kg2 fxe5 25. Red7+ Ke8 26. Bxf8 h5 27. Bd6 hxg4 28. Rh7 Rc8 29. Rh8# 1-0

[Event "*** SCC Grand Prix: Titled Tuesday Blitz"]
[Site "Chess.com"]
[Date "2020.10.06"]
[Round "10"]
[White "AlexSuv"]
[Black "Gabrielian_Artur"]
[Result "0-1"]
[WhiteElo "2499"]
[BlackElo "2731"]
[TimeControl "180+1"]
[EndTime "11:55:01 PDT"]
[Termination "Gabrielian_Artur won by resignation"]

1. d4 Nf6 2. c4 c5 3. d5 e6 4. Nc3 exd5 5. cxd5 d6 6. Nf3 g6 7. Bf4 Bg7 8. h3 O-O 9. e3 Re8 10. Be2 Ne4 11. Nxe4 Rxe4 12. O-O Bxb2 13. Rb1 Bg7 14. Qc2 Re8 15. Bb5 Bf5 16. Bd3 Bxd3 17. Qxd3 b6 18.
Qb5 Qd7 19. Qxd7 Nxd7 20. Bxd6 Nf6 21. Rfd1 Rad8 22. Bc7 Rxd5 23. a4 Rc8 24. Bg3 c4 25. Be5 Rxd1+ 26. Rxd1 Ne4 27. Bxg7 Kxg7 28. Nd4 c3 29. f3 Nc5 30. Ra1 Nd3 31. Nc2 a5 32.
Ra3 Nb4 0-1

[Event "*** SCC Grand Prix: Titled Tuesday Blitz"]
[Site "Chess.com"]
[Date "2020.10.06"]
[Round "10"]
[White "profofchess"]
[Black "MoreChessJulia"]
[Result "1-0"]
[WhiteElo "2369"]
[BlackElo "1987"]
[TimeControl "180+1"]
[EndTime "11:55:01 PDT"]
[Termination "profofchess won by resignation"]

1. e4 c5 2. Nc3 Nc6 3. g3 g6 4. Bg2 Bg7 5. d3 d6 6. Be3 h5 7. h3 h4 8. g4 e6 9. Qd2 Nge7 10. Nge2 Nd4 11. f4 f5 12. exf5 exf5 13. g5 Qc7 14. O-O Bd7 15. Nd5 Nxd5 16. Bxd5 O-O-O 17. c3 Nxe2+ 18.
Qxe2 Rde8 19. Rae1 Kb8 20. Qf3 Re7 21. Bf2 Bb5 22. Rxe7 Qxe7 23. Re1 Qc7 24. Re6 Be8 25. Qe2 Bc6 26. Re7 Bxd5 27. Rxc7 Kxc7 28. Qe7+ 1-0

[Event "*** SCC Grand Prix: Titled Tuesday Blitz"]
[Site "Chess.com"]
[Date "2020.10.06"]
[Round "10"]
[White "zmeeed67"]
[Black "Nikolaj_6"]
[Result "1/2-1/2"]
[WhiteElo "2383"]
[BlackElo "2515"]
[TimeControl "180+1"]
[EndTime "11:55:07 PDT"]
[Termination "Game drawn by repetition"]

1. e4 c5 2. g3 d5 3. exd5 Qxd5 4. Qf3 Nf6 5. Bg2 Qd8 6. Nc3 Nc6 7. Qd1 g6 8. Nge2 Bg7 9. d3 O-O 10. O-O Qd7 11.
Ne4 Nxe4 12. dxe4 Qc7 13. c3 b6 14. Bf4 e5 15. Be3 Ba6 16. Qc2 Rad8 17. Rfd1 Bxe2 18. Qxe2 Na5 19. Bf1 c4 20. Rxd8 Rxd8 21. Rd1 Rxd1 22. Qxd1 Bf8 23. Qd5 Kg7 24. h4 Bc5 25. Bxc5 Qxc5 26.
Qxc5 bxc5 27. Bh3 Nb7 28. Bd7 Nd6 29. f3 f5 30. exf5 gxf5 31. Kf2 f4 32. g4 h6 33. Be6 Kf6 34. Bd5 Kg6 35. b3 cxb3 36. axb3 a5 37. Ke2 Kf6 38. Kd3 Kg6 39. Be6 Kf6 40. Bd5 Kg6 41.
Be4+ Kf6 42. Bd5 1/2-1/2

[Event "*** SCC Grand Prix: Titled Tuesday Blitz"]
[Site "Chess.com"]
[Date "2020.10.06"]
[Round "10"]
[White "ChronicUnhappiness"]
[Black "brunomorado"]
[Result "1-0"]
[WhiteElo "2294"]
[BlackElo "2420"]
[TimeControl "180+1"]
[EndTime "11:55:16 PDT"]
[Termination "ChronicUnhappiness won by resignation"]

1. d4 d5 2. c4 c6 3. Nf3 Nf6 4. Nc3 e6 5. e3 Nbd7 6. Bd3 Bd6 7. O-O O-O 8. h3 Qe7 9. e4 dxc4 10. Bxc4 e5 11.
Re1 Re8 12. Be3 exd4 13. Bxd4 Ne5 14. Bb3 a5 15. Ng5 Rf8 16. f4 h6 17. fxe5 Bxe5 18.
Bxe5 Qxe5 19. Nf3 Qc5+ 20. Qd4 Qe7 21. e5 Nd7 22. Qd6 Qe8 23. e6 fxe6 24. Rxe6 1-0

[Event "*** SCC Grand Prix: Titled Tuesday Blitz"]
[Site "Chess.com"]
[Date "2020.10.06"]
[Round "10"]
[White "RobertoJBM"]
[Black "RestartingChess"]
[Result "0-1"]
[WhiteElo "2703"]
[BlackElo "2506"]
[TimeControl "180+1"]
[EndTime "11:55:30 PDT"]
[Termination "RestartingChess won by resignation"]

1. e4 c5 2. Nf3 b6 3. d4 cxd4 4.
Nxd4 Bb7 5. Nc3 Nf6 6. Bg5 Nxe4 7. Nxe4 Bxe4 8. Nb5 d6 9. c4 Bc6 10. Nc3 h6 11. Bh4 g5 12. Bg3 Bg7 13. Qd2 Nd7 14. h4 g4 15. O-O-O Rc8 16. Kb1 Nc5 17. Be2 Ne4 18.
Nxe4 Bxe4+ 19. Ka1 Qd7 20. f3 gxf3 21. gxf3 Bf5 22.
Rhg1 Bf6 23. Bf2 Be6 24. Qxh6 Qa4 25. Qd2 Rxc4 26. Bxc4 Bxc4 0-1

[Event "*** SCC Grand Prix: Titled Tuesday Blitz"]
[Site "Chess.com"]
[Date "2020.10.06"]
[Round "10"]
[White "Chessdreamer2020"]
[Black "Denis_Makhnyov"]
[Result "1-0"]
[WhiteElo "2478"]
[BlackElo "2825"]
[TimeControl "180+1"]
[EndTime "11:55:30 PDT"]
[Termination "Chessdreamer2020 won by resignation"]

1. e4 Nf6 2. Nc3 e5 3. Nf3 Nc6 4. d4 exd4 5. Nxd4 Bb4 6. Nxc6 bxc6 7. Bd3 O-O 8. O-O d5 9. exd5 cxd5 10. h3 c6 11. Qf3 Rb8 12. Bg5 Be7 13. b3 h6 14. Bxh6 gxh6 15. Qg3+ Bg4 16. hxg4 Bd6 17. Qh4 Kg7 18. Ne2 Nd7 19. Qh5 Be5 20. Rad1 Qg5 21. Qh3 Qe7 22. f4 Qc5+ 23. Kh1 Bc7 24.
Ng3 Rh8 25. Nh5+ Kf8 26. Rde1 Re8 27. Rxe8+ Kxe8 28. Qh4 Qe7 29. Re1 1-0

[Event "*** SCC Grand Prix: Titled Tuesday Blitz"]
[Site "Chess.com"]
[Date "2020.10.06"]
[Round "10"]
[White "GukeshDommaraju"]
[Black "elohunter1999"]
[Result "1-0"]
[WhiteElo "2796"]
[BlackElo "2593"]
[TimeControl "180+1"]
[EndTime "11:55:31 PDT"]
[Termination "GukeshDommaraju won by resignation"]

1. e4 e5 2. Nf3 Nc6 3. Bb5 a6 4.
Ba4 Nf6 5. O-O Be7 6. Re1 b5 7. Bb3 O-O 8. c3 d5 9. d3 Bb7 10. Nbd2 Re8 11. exd5 Nxd5 12. Ne4 Qd7 13. Nfg5 Bxg5 14.
Bxg5 Bc8 15. Qf3 Nb6 16. Nc5 Qf5 17. Qxc6 1-0

[Event "*** SCC Grand Prix: Titled Tuesday Blitz"]
[Site "Chess.com"]
[Date "2020.10.06"]
[Round "10"]
[White "Stalri"]
[Black "Smile2005"]
[Result "1-0"]
[WhiteElo "2177"]
[BlackElo "2390"]
[TimeControl "180+1"]
[EndTime "11:55:34 PDT"]
[Termination "Stalri won by checkmate"]

1. d4 Nf6 2. c4 g6 3. Nc3 Bg7 4. e4 O-O 5. Nf3 d6 6. Be2 e5 7.
h3 exd4 8. Nxd4 Re8 9. Be3 Nxe4 10. Nd5 Ng3 11. fxg3 c6 12. Bf2 cxd5 13. cxd5 Qa5+ 14.
Qd2 Qxd5 15. O-O Bxd4 16. Bxd4 Rxe2 17. Qxe2 Qxd4+ 18. Kh2 Be6 19. Rad1 Qc5 20. Rc1 Qb6 21. Rc8+ Kg7 22. Re8 Qc7 23. Qf3 Qd7 24. Qf6+ Kh6 25.
Rg8 Nc6 26. Qh4# 1-0